Map: Paladino Terminal LE

Players

Julles - Winner!

  • Race: Terran Terran
  • League: Diamond
  • Spawn Location: 9:00

sirLeo

  • Race: Zerg Zerg
  • League: Diamond
  • Spawn Location: 5:00

VOD

Have the link to the VOD?

Description

Time

  • Played on: Jan. 25, 2017, 2:06 p.m.
  • Length: 11:24
Show
View Real Time Build Order
Export as new Build Order

Julles Terran - Winner!

Build Orders: MMM Bio 

Get SALT Encoding   

  12  0:02  SCV  
  13  0:14  SCV  
  13  0:19  Supply Depot  
  14  0:26  SCV  
  15  0:40  SCV  
  16  0:43  Barracks  
  16  0:46  Refinery  
  16  0:52  SCV  
  17  1:05  SCV  
  18  1:19  SCV  
  19  1:31  Orbital Command  
  19  1:32  Barracks Reactor  
  19  1:47  Command Center  
  19  2:01  SCV  
  19  2:03  Barracks  
  20  2:09  Marine x2  
  20  2:14  SCV  
  23  2:19  Supply Depot  
  23  2:32  Engineering Bay  
  23  2:40  Marine x2, SCV  
  26  2:50  Barracks Tech Lab  
  26  2:58  SCV, Marine x2, Orbital Command  
  29  3:02  Terran Infantry Weapons Level 1  
  29  3:11  Combat Shields  
  29  3:12  SCV  
  30  3:20  Marine x3  
  30  3:24  SCV  
  34  3:32  Supply Depot  
  34  3:35  SCV  
  34  3:37  SCV  
  34  3:38  Marine x3  
  39  3:48  SCV  
  40  3:49  SCV  
  41  3:55  Supply Depot  
  41  3:56  Marine x3  
  41  4:00  SCV  
  41  4:01  SCV  
  46  4:12  SCV, Supply Depot  
  46  4:13  SCV, Marine  
  46  4:14  Marine x2  
  52  4:24  SCV  
  52  4:25  SCV  
  53  4:31  Marine x2  
  53  4:32  Marine  
  53  4:36  SCV  
  57  4:47  Barracks, Command Center  
  57  4:49  Marine x3  
  60  4:53  Barracks  
  60  4:55  SCV x2  
  62  5:03  Terran Infantry Armor Level 1, Supply Depot  
  62  5:05  Stimpack  
  62  5:06  Factory  
  62  5:19  Marine x3  
  62  5:20  SCV x2  
  67  5:25  Refinery  
  67  5:28  Refinery  
  67  5:32  SCV x2  
  67  5:36  Marine  
  67  5:37  Marine x2  
  67  5:39  Barracks Reactor  
  69  5:44  SCV x2  
  69  5:45  Supply Depot  
  71  5:54  Marine  
  71  5:55  Marine x3  
  71  5:56  SCV x2  
  77  6:01  Orbital Command  
  65  6:08  SCV x2, Refinery  
  65  6:10  Engineering Bay  
  64  6:12  Marine, Armory  
  64  6:13  Marine x2  
  67  6:19  Factory Reactor  
  67  6:20  SCV  
  67  6:21  Starport  
  67  6:24  SCV  
  69  6:27  Supply Depot  
  69  6:32  SCV x2  
  71  6:33  Bunker  
  71  6:34  Barracks Reactor  
  71  6:37  SCV  
  72  6:42  Supply Depot  
  72  6:44  SCV x2  
  72  6:45  Missile Turret  
  74  6:49  Missile Turret  
  74  6:51  Missile Turret  
  74  7:07  Terran Infantry Weapons Level 2  
  74  7:08  Medivac x2  
  74  7:09  Factory  
  74  7:13  SCV x3  
  81  7:18  Marine x2  
  81  7:20  Factory Tech Lab  
  81  7:21  Marine x3  
  86  7:24  Terran Infantry Armor Level 2  
  86  7:25  SCV x2  
  86  7:28  SCV  
  89  7:31  Terran Vehicle And Ship Armor Level 1  
  89  7:36  Supply Depot  
  89  7:39  Supply Depot  
  89  7:41  Supply Depot  
  89  7:43  SCV  
  90  7:51  Marine x6  
  92  7:53  Medivac  
  98  7:58  Marine  
  98  8:00  Medivac, Supply Depot  
  98  8:01  SCV  
  98  8:03  Factory Reactor, Missile Turret  
  98  8:04  SCV  
  103  8:06  SCV  
  103  8:08  Marine  
  103  8:09  Marine x4  
  103  8:12  Marine, Refinery  
  109  8:13  SCV, Refinery  
  109  8:16  SCV  
  112  8:23  Marine  
  112  8:24  Medivac  
  112  8:26  Marine x3  
  117  8:30  Medivac, Marine x3  
  117  8:31  Widow Mine  
  117  8:33  SCV x3  
  114  8:39  Supply Depot  
  114  8:40  Supply Depot  
  114  8:41  Marine, Supply Depot  
  114  8:43  Widow Mine  
  114  8:44  Marine x3  
  114  8:45  SCV x2  
  114  8:46  SCV  
  123  8:50  Marine x3  
  125  8:57  SCV x2  
  125  8:59  Marine  
  125  9:02  Marine x3  
  131  9:03  Widow Mine  
  131  9:08  Marine x3  
  131  9:09  Widow Mine  
  133  9:10  Medivac x2  
  133  9:17  Marine  
  124  9:20  Marine x3  
  124  9:24  Missile Turret  
  128  9:25  Missile Turret  
  128  9:26  Marine x3  
  128  9:27  Widow Mine, Missile Turret  
  133  9:32  Widow Mine  
  131  9:40  Medivac x2  
  131  9:43  Marine x5, Widow Mine  
  131  9:44  Marine x2  
  144  9:55  Widow Mine  
  146  10:00  Widow Mine  
  146  10:01  Marine x6  
  146  10:02  Marine  
  155  10:10  Medivac x2  
  155  10:12  Widow Mine  
  155  10:13  Supply Depot  
  161  10:19  Marine x7  
  167  10:24  Widow Mine  
  167  10:28  SCV x2  
  156  10:36  Marine  
  156  10:37  Marine x6  
  163  10:54  Marine x4  
  163  10:55  Command Center  
  167  11:02  Missile Turret x2  
Show
View Real Time Build Order
Export as new Build Order

sirLeo Zerg 

Build Orders: Hatch First, Muta Ling Bane 

Get SALT Encoding   

  12  0:01  Drone  
  13  0:13  Overlord  
  13  0:18  Drone  
  14  0:32  Drone x2  
  17  0:35  Drone  
  17  0:55  Hatchery  
  16  0:58  Drone  
  17  1:13  Spawning Pool  
  17  1:15  Drone  
  17  1:19  Drone  
  17  1:22  Extractor  
  17  1:34  Drone x2  
  18  1:49  Drone  
  19  1:55  Overlord  
  19  2:07  Queen  
  19  2:08  Queen  
  21  2:10  Zergling x4  
  21  2:12  Drone  
  26  2:19  Drone  
  27  2:23  Drone  
  27  2:28  Metabolic Boost  
  28  2:45  Hatchery  
  27  2:52  Queen  
  27  2:55  Drone  
  30  3:04  Drone x3  
  34  3:05  Drone  
  34  3:07  Drone  
  35  3:18  Drone  
  36  3:20  Overlord  
  36  3:24  Overlord  
  36  3:38  Queen, Drone x4  
  36  3:39  Drone  
  36  3:41  Drone  
  44  3:44  Extractor x2  
  42  3:51  Drone x4  
  46  4:01  Overlord  
  46  4:09  Queen  
  48  4:10  Drone x2  
  50  4:21  Drone x4  
  50  4:22  Lair  
  54  4:26  Extractor  
  53  4:35  Baneling Nest  
  53  4:37  Evolution Chamber  
  51  4:41  Evolution Chamber  
  51  4:44  Drone x5  
  51  4:45  Drone x3  
  58  4:54  Drone  
  59  5:03  Spore Crawler  
  58  5:09  Zergling x16  
  66  5:20  Overlord x3  
  52  5:38  Zergling x14  
  38  6:06  Zergling x2  
  38  6:07  Zergling x6  
  42  6:14  Baneling Nest  
  41  6:25  Drone x6  
  47  6:37  Drone x3  
  47  6:38  Drone x2  
  52  6:51  Zerg Ground Armor Level 1, Spire, Zerg Melee Weapons Level 1  
  52  6:53  Drone  
  52  6:55  Drone  
  52  7:00  Centrifical Hooks  
  53  7:02  Drone  
  53  7:04  Drone  
  55  7:10  Baneling x4  
  55  7:11  Drone x2  
  55  7:14  Drone x2  
  59  7:23  Queen  
  59  7:24  Queen  
  63  7:45  Drone x3  
  63  7:46  Drone  
  67  7:56  Overlord  
  67  7:57  Overlord x2  
  67  8:15  Extractor, Drone x3  
  67  8:16  Drone  
  67  8:18  Hatchery, Zerg Flyer Weapons Level 1  
  67  8:19  Mutalisk x5  
  76  8:20  Extractor  
  61  8:31  Zergling x8  
  61  8:32  Zergling x10  
  60  8:34  Mutalisk x2  
  64  8:43  Zergling x8  
  63  9:02  Zergling x6  
  58  9:32  Hatchery  
  58  9:36  Hatchery  
  47  9:39  Zergling x2  
  47  9:40  Zergling x16  
  52  9:57  Mutalisk x5  
  52  9:58  Mutalisk  
  64  10:01  Baneling  
  64  10:02  Baneling x2  
  64  10:03  Baneling  
  64  10:04  Baneling  
  64  10:05  Baneling  
  49  10:30  Drone  
  49  10:31  Drone x9  
  49  10:34  Overseer  
  59  10:36  Drone  
  60  11:04  Zergling x12  
  59  11:05  Zergling x14  
Tags
 
Add a new tag
Caveats
  • Supply blocks, unpowered buildings, or Contaminate may cause inaccurate times.
  • Supply counts are checked every 10 seconds.